Unix NetHack Version 5.0.0-0 post-release - last build May 10 2026 23:12:36 (d1fa5d53e341ca933230fdaa984d921c805b60aa,branch:main).

Game began 2026-05-17 03:10:05, ended 2026-05-17 03:23:18.

IanCurtis, chaotic male elven Wizard

                                          | --
                                 ............|
                                 *(.........-
                               .......@.f...-
                             --..... G..(.)Gh
                             |.....   ....%.
                             -<--      ...G
                             .--

IanCurtis the Conjurer    St:9 Dx:18 Co:12 In:18 Wi:9 Ch:10  Chaotic
Dlvl:3  $:19 HP:0(17) Pw:37(41) AC:9  Xp:3 T:886  Satiated

Latest messages:
 You put a spellbook of magic missile into the chest.
 You put a spellbook of protection into the chest.
 You put a spellbook of sleep into the chest.
 Your movements are now unencumbered.
 What do you want to call this dungeon level? vault, spellbook stash
 The newt bites!
 The kitten misses the newt.
 You hit the newt.
 You knock the newt backward with a forceful strike!
 You swap places with your kitten.
 You descend the stairs.
 The kitten bites the gnome.
 The kitten misses the gnome.
 The kitten bites the gnome.
 The kitten picks up a thonged club.
 You see here a large box.
 D - a scroll labeled VERR YED HORRE.
 E - a pink potion.
 F - an engagement ring.
 Please move the cursor to a monster, object or location.
 (For instructions type a '?')
 A board beneath the kitten squeaks an F sharp loudly.
 The gnome suddenly falls asleep!
 You kill the gnome!
 You kill the gnome!
 Welcome to experience level 3.
 You have trouble lifting a gnome corpse.  Continue? [ynq] (q) y
 You have trouble lifting G - a gnome corpse.
 You rebalance your load.  Movement is difficult.
 What do you want to drop? [$a-jm-qs-uAD-G or ?*] G
 You drop a gnome corpse.
 Your movements are now unencumbered.
 Your kitten eats a gnome corpse.
 In what direction? l
 The spell hits the gnome lord!
 You kill the gnome lord!
 The spell hits the gnome!
 You kill the gnome!
 You kill the gnome!
 The dwarf throws a dagger!
 You are hit by a dagger.
 The gnome lord shoots 3 crossbow bolts!
 You are hit by the 1st crossbow bolt.
 You are hit by the 2nd crossbow bolt.
 You are hit by the 3rd crossbow bolt.
 A board beneath the gnome squeaks an F sharp loudly.
 You hit the gnome.
 The gnome hits!
 You die...
 Do you want your possessions identified? [ynq] (y) q

Inventory:
 Coins    ('$')
  $ - 19 gold pieces
 Weapons  (')')
  a - a blessed +1 quarterstaff (weapon in hands)
 Armor    ('[')
  s - an uncursed +0 orcish helm
  b - an uncursed +0 cloak of magic resistance (being worn)
 Comestibles  ('%')
  p - an uncursed food ration
  A - an uncursed partly eaten lembas wafer
  t - 2 uncursed tripe rations
  q - an uncursed lichen corpse
 Scrolls  ('?')
  i - 2 uncursed scrolls of blank paper
  u - an uncursed scroll of confuse monster
  h - an uncursed scroll of destroy armor
  j - an uncursed scroll of enchant armor
  D - an uncursed scroll of magic mapping
 Potions  ('!')
  E - an uncursed potion of confusion
  f - 3 uncursed potions of water
  g - an uncursed potion of water
 Rings    ('=')
  F - an uncursed ring of levitation
  d - an uncursed +2 ring of protection
  e - an uncursed ring of warning
 Wands    ('/')
  c - a wand of cold (0:5)
 Tools    ('(')
  o - an uncursed bugle
  n - an uncursed blindfold
  m - a magic marker (0:22)

IanCurtis the Wizard's attributes:

Background:
 You were a Conjurer, a level 3 male elven Wizard.
 You were chaotic, on a mission for Anhur
 who was opposed by Ptah (lawful) and Thoth (neutral).
 You were right-handed.
 You were in the Gnomish Mines, on level 3.
 You entered the dungeon 886 turns ago.
 It was nighttime.
 There was a new moon in effect when your adventure ended.
 You had 70 experience points, 10 more were needed to attain level 4.

Basics:
 You had 0 out of 17 hit points.
 You had 37 out of 41 energy points (spell power).
 Your armor class was 9.
 Your wallet contained 19 zorkmids.
 Autopickup was off.

Final Characteristics:
 Your strength was 9 (limit:18).
 Your dexterity was 18 (limit:18).
 Your constitution was 12 (limit:16).
 Your intelligence was 18 (limit:20).
 Your wisdom was 9 (limit:20).
 Your charisma was 10 (limit:18).

Final Status:
 You were satiated.
 You were unencumbered.
 You were wielding a quarterstaff.
 You had basic skill with quarterstaff.

Final Attributes:
 You were fervently aligned.
 You were magic-protected.
 You had infravision.
 You were warded.
 You are dead.

Miscellaneous:
 You didn't encounter any bones levels.
 Total elapsed playing time was 13 minutes and 12 seconds.

Major events:
 Turn
    1: IanCurtis the chaotic male elven Wizard entered the dungeon
  856: entered the Gnomish Mines
  873: attained the rank of Conjurer (level 3)
  886: killed by a gnome

Spells:
 Name                 Level Category     Fail Retention
 force bolt             1   attack         0%  91%-100%
 create monster         2   clerical      43%  76%-100%
 magic missile          2   attack         0%  91%-100%
 sleep                  3   enchantment    0%  91%-100%
 protection             1   clerical       0%  76%-100%
 knock                  1   matter         0%  76%-100%
 detect food            2   divination    43%  76%-100%

Skills:
 Fighting Skills
   bare handed combat [Unskilled]
   riding             [Unskilled]
 Weapon Skills
   dagger             [Unskilled]
   knife              [Unskilled]
   axe                [Unskilled]
   short sword        [Unskilled]
   club               [Unskilled]
   mace               [Unskilled]
   quarterstaff       [Basic]
   polearms           [Unskilled]
   spear              [Unskilled]
   trident            [Unskilled]
   sling              [Unskilled]
   dart               [Unskilled]
   shuriken           [Unskilled]
 Spellcasting Skills
   attack spells      [Basic]
   healing spells     [Unskilled]
   divination spells  [Unskilled]
   enchantment spells [Basic]
   clerical spells    [Unskilled]
   escape spells      [Unskilled]
   matter spells      [Unskilled]

Voluntary challenges:
 Character rerolling was not enabled.
 You followed a strict vegan diet.
 You were an atheist.
 You never genocided any monsters.
 You never polymorphed an object.
 You never changed form.
 You used no wishes.
Achievements:
 You entered the Gnomish Mines.
 You attained the rank of Conjurer.

 The Dungeons of Doom: levels 1 to 2
    Level 1:
    Level 2: "vault, spellbook stash"
       A fountain.
       Stairs down to The Gnomish Mines.
 The Gnomish Mines:
    Level 3: <- You were here.
       Final resting place for
          you, killed by a gnome.


Vanquished creatures:
  a gnome leader
  2 giant rats
  5 gnomes
  a jackal
  a fox
  a goblin
  a grid bug
  3 lichens
  a kobold zombie
  2 newts
18 creatures vanquished.

No species were genocided or became extinct.

Game over:
                       ----------
                      /          \
                     /    REST    \
                    /      IN      \
                   /     PEACE      \
                  /                  \
                  |    IanCurtis     |
                  |      19 Au       |
                  |   killed by a    |
                  |      gnome       |
                  |                  |
                  |                  |
                  |       2026       |
                 *|     *  *  *      | *
        _________)/\\_//(\/(/\)/\//\/|_)_______

Goodbye IanCurtis the Wizard...

You died in The Gnomish Mines on dungeon level 3 with 398 points,
and 19 pieces of gold, after 886 moves.
You were level 3 with a maximum of 17 hit points when you died.

